 Dungeon Crawl Stone Soup version 0.29-a0-474-gdfe5cd140f (webtiles) character file.

Game seed: 13515791622953121076

3 Lekart the Skirmisher (level 1, -2/19 HPs)
             Began as a Draconian Chaos Knight on May 24, 2022.
             Was a Plaything of Xom.
             Succumbed to a goblin's poison
             ... on level 1 of the Dungeon.
             The game lasted 00:00:35 (216 turns).

Lekart the Skirmisher (Draconian Chaos Knight)       Turns: 216, Time: 00:00:35

Health: -2/19      AC:  5    Str: 14    XL:     1   Next: 41%
Magic:  1/1        EV: 12    Int: 12    God:    Xom [..*...]
Gold:   37         SH:  0    Dex: 10    Spells: 0/0 levels left

rFire   . . .      SeeInvis .   a - +0 falchion (chaos)
rCold   . . .      Faith    .   (no shield)
rNeg    . . .      Spirit   .   (body armour unavailable)
rPois   .          Reflect  .   (helmet restricted)
rElec   .          Harm     .   (no cloak)
rCorr   .          Rampage  .   (no gloves)
Will    .....                   c - +0 pair of boots
Stlth   +.........              (no amulet)
HPRegen 0.06/turn               (no ring)
MPRegen 0.07/turn               (no ring)

@: lethally poisoned (-2 -> -17)
A: AC +4, unfitting armour, cold-blooded
a: Renounce Religion


You were on level 1 of the Dungeon.
You worshipped Xom.
You were a toy of Xom.
You visited 1 branch of the dungeon, and saw 1 of its levels.

You collected 37 gold pieces.

Inventory:

Hand Weapons
 a - a +0 falchion of chaos (weapon)
Armour
 c - a +0 pair of boots (worn)
Miscellaneous
 b - a piece from Xom's chessboard (15/15) (quivered)


   Skills:
 + Level 3.3 Fighting
 + Level 3.0 Long Blades
 + Level 2.1 Dodging
 * Level 0.1 Spellcasting


You couldn't memorise any spells.
You didn't know any spells.
Your spell library was empty.

Dungeon Overview and Level Annotations

Branches:
Dungeon (1/15)

Altars:


Innate Abilities, Weirdness & Mutations

Your plain brown scales are hard. (AC +4)
You cannot fit into any form of body armour.
You are cold-blooded and may be slowed by cold attacks.


Message History

There are monsters nearby!
You hit the goblin.
The goblin is severely wounded.
A bat comes into view.
The goblin hits you with a +0 club. The goblin misses you.
There are monsters nearby!
You closely miss the goblin.
The goblin is severely wounded.
The goblin hits you with a +2 dagger of venom.
The goblin hits you but does no damage.
There are monsters nearby!
You closely miss the goblin.
The goblin is severely wounded.
The bat closely misses you. The bat hits you but does no damage.
The goblin hits you but does no damage.
You are poisoned.
The goblin hits you with a +0 club.
There are monsters nearby!
You closely miss the goblin.
The goblin is severely wounded.
You feel very sick. The bat completely misses you.
The goblin closely misses you.
The goblin hits you with a +2 dagger of venom.
You are lethally poisoned!
There is a lethal amount of poison in your body!
You are too injured to fight recklessly!
There is a lethal amount of poison in your body!
You are too injured to fight recklessly!
There is a lethal amount of poison in your body!
The goblin attacks as you move away! The goblin hits you but does no damage.
You are more poisoned.
* * * LOW HITPOINT WARNING * * *
You feel very sick. The bat barely misses you.
There is an open door here.
The goblin attacks as you move away! The goblin completely misses you.
* * * LOW HITPOINT WARNING * * *
You feel very sick.
You die...
Xom laughs nastily!

#.#
.######.####.##
..............#
.######.####....
##...## .
#.....# ##...##
##.## #@# #.#
##b## #.gg#
#.....#
#.......#
#.........#
+.........+
#.........#


You could see 2 goblins and a bat.

Vanquished Creatures
  A goblin (D:1)
  A hobgoblin (D:1)
  A frilled lizard (D:1)
3 creatures vanquished.

Notes
Turn   | Place    | Note
-------+----------+-------------------------------------------
     0 | D:1      | Lekart the Draconian Chaos Knight began the quest for the
                  | Orb.
     0 | D:1      | Reached XP level 1. HP: 19/19 MP: 1/1
    66 | D:1      | XOM: silly message
    70 | D:1      | XOM: divination: detect creatures
   216 | D:1      | Succumbed to a goblin's poison

Illustrated notes

Levels and vault maps discovered:
D:1:      minmay_arrival_up_and_down, layout_loops_corners

Action                   || total
-------------------------++-------
Melee: Falchion          ||    10
Armor: Skin              ||     5
Dodge: Dodged            ||     8

Table legend: (Time is in decaauts)
 A = Elapsed time spent in this place.
 B = Non-inter-level travel time spent in this place.
 C = Inter-level travel time spent in this place.
 D = Time resting spent in this place.
 E = Time spent auto-exploring this place.
 F = Levels seen in this place.
 G = Mean time per level.
                   A        B        C        D        E       F      G
               +--------+--------+--------+--------+--------+-----+--------+
         Total |    217 |    217 |      0 |      0 |    152 |   1 |  217.0 |
       Dungeon |    217 |    217 |      0 |      0 |    152 |   1 |  217.0 |
               +--------+--------+--------+--------+--------+-----+--------+

Top non-repeatable levels by time:
     D:1: 217 daAuts
